 Dungeon Crawl Stone Soup version 0.30-a0-1160-g6e42c06551 (webtiles) character file.

Game seed: 1552776146427086724

54 qeuew the Sneak (level 3, -5/25 HPs)
             Began as an Octopode Brigand on Apr 25, 2023.
             Slain by Sigmund
             ... wielding a +0 scythe
              (7 damage)
             ... on level 2 of the Dungeon.
             The game lasted 00:01:42 (1131 turns).

qeuew the Sneak (Octopode Brigand)                  Turns: 1131, Time: 00:01:42

Health: -5/25      AC:  1    Str: 10    XL:     3   Next: 91%
Magic:  3/3        EV: 13    Int: 13    God:
Gold:   104        SH:  0    Dex: 15    Spells: 2/2 levels left

rFire   . . .        a - +2 dagger
rCold   . . .        (no shield)
rNeg    . . .        (helmet restricted)
rPois   .            (no amulet)
rElec   .            (no ring)
rCorr   .            (no ring)
SInv    .            (no ring)
Will    .....        (no ring)
Stlth   ++++         (no ring)
HPRegen 0.24/turn    (no ring)
MPRegen 0.08/turn    (no ring)
                     (no ring)

%: no passive effects
@: no status effects
A: almost no armour, amphibious, 8 rings, camouflage 1, gelatinous body 1,
(nimble swimmer 1), tentacles
a: no special abilities


You were on level 2 of the Dungeon.
You visited 1 branch of the dungeon, and saw 2 of its levels.

You collected 104 gold pieces.

Inventory:

Hand Weapons
 a - a +2 dagger (weapon)
Missiles
 b - 9 poisoned darts (quivered)
 c - 3 curare-tipped darts
Scrolls
 d - 3 scrolls of fog {unknown}
 f - 3 scrolls of poison {unknown}
 g - a scroll of identify
Potions
 e - a potion of curing


   Skills:
 + Level 2.3 Fighting
 * Level 2.8 Short Blades
 + Level 2.4 Throwing
 + Level 1.4 Dodging
 * Level 5.9 Stealth


You had 2 spell levels left.
You didn't know any spells.
Your spell library contained the following spells:

 Spells                   Type           Power      Damage    Failure   Level
 Freeze                   Ice            0%         1d3       30%         1
 Frozen Ramparts          Ice            0%         1d1       67%         3
 Hailstorm                Conj/Ice       0%         3d3       67%         3


Dungeon Overview and Level Annotations

Branches:
Dungeon (2/15)

Altars:
Okawaru

Shops:
D:2 [

Annotations:
D:2 Sigmund


Innate Abilities, Weirdness & Mutations

You cannot wear most types of armour.
You are amphibious.
You can wear up to eight rings at the same time.
Your skin changes colour to match your surroundings (Stealth+).
Your rubbery body absorbs attacks. (AC +1, EV +1)
((You are camouflaged when in or above water. (Stealth+)))
You have tentacles for arms and can constrict up to eight enemies at once.


Message History

No target in view!
No target in view!
Sigmund the Dreaded comes into view.
He is wielding a +0 scythe and carrying a wand of roots (10).
Sigmund is nearby!
Found a halberd.
Found Otsyff's Antique Armour Shop.
Sigmund shouts!
Sigmund drinks a potion.
Sigmund seems to speed up.
You see here a +0 demon blade of venom.
Sigmund casts a spell at you.
You are confused.
A frilled lizard comes into view.
The frilled lizard hisses angrily.
You hear an angry hiss.
Unknown command.
You see here a +0 demon blade of venom.
An adder comes into view.
Sigmund hits you from afar with a +0 scythe!
You see here a +0 demon blade of venom.
Sigmund zaps a wand.
The roots erupt in riotous growth!
The grasping roots grab you! The grasping roots constrict you.
You hear a shout!
You escape the roots grasp.
You feel less confused.
Sigmund zaps a wand.
The roots erupt in riotous growth!
The grasping roots grab you! The grasping roots constrict you. x2
You escape the roots grasp.
Sigmund zaps a wand.
The roots erupt in riotous growth!
The grasping roots grab you! The grasping roots constrict you.
* * * LOW HITPOINT WARNING * * *
The roots grasp on you weakens, but your attempt to escape fails.
Sigmund misses you. The grasping roots constrict you.
* * * LOW HITPOINT WARNING * * *
The grasping roots release their grip on you.
Sigmund mumbles some strange words.
Sigmund flickers and vanishes!
Deactivating autopickup; reactivate with Ctrl-A.
Something hits you!
You die...

#####...#..##......
.#...........#..#...
....................
.#[..........#......
#####...###........
#...# ##.._... #...#
.... #...# ..
#######@#######
.)....S{l...∩.#
###..##.##.#..# #.
#.# # .. ... .# #.#
... ... #.#


You could see an adder and a frilled lizard.

Vanquished Creatures
  A gnoll (D:1)
  An adder (D:2)
  6 ball pythons
  An endoplasm (D:2)
  A giant cockroach (D:1)
  8 goblins
  4 jackals (D:2)
  3 kobolds
  A quokka (D:2)
  3 bats
  2 frilled lizards
  3 rats
34 creatures vanquished.

Notes
Turn   | Place    | Note
-------+----------+-------------------------------------------
     0 | D:1      | qeuew the Octopode Brigand began the quest for the Orb.
     0 | D:1      | Reached XP level 1. HP: 14/14 MP: 1/1
   164 | D:1      | Reached XP level 2. HP: 14/19 MP: 2/2
   575 | D:1      | Reached XP level 3. HP: 24/24 MP: 3/3
  1109 | D:2      | Found an iron altar of Okawaru.
  1119 | D:2      | Noticed Sigmund
  1121 | D:2      | Found Otsyff's Antique Armour Shop.
  1131 | D:2      | Slain by Sigmund

Illustrated notes

Levels and vault maps discovered:
D:1:      nicolae_arrival_memento_mori, layout_basic, minmay_misc_feat_tiny
D:2:      layout_loops_cross, basic_altar, serial_shops, nicolae_shop_stone,
          shop, shop, nicolae_shop_waterfront, kennysheep_doodads,
          minmay_vboxes, uniq_sigmund, uniq_jessica

Action                     || total
---------------------------++-------
  Melee: Dagger            ||    60
         Constrict         ||    16
         Punch             ||     3
         Tentacles         ||     8
    Use: Scroll            ||     4
         Potion            ||     1
   Stab: Sleeping          ||    11
 Armour: Skin              ||     8
  Dodge: Dodged            ||    32

Table legend: (Time is in decaauts)
 A = Elapsed time spent in this place.
 B = Non-inter-level travel time spent in this place.
 C = Inter-level travel time spent in this place.
 D = Time resting spent in this place.
 E = Time spent auto-exploring this place.
 F = Levels seen in this place.
 G = Mean time per level.
                   A        B        C        D        E       F      G
               +--------+--------+--------+--------+--------+-----+--------+
         Total |   1123 |   1115 |      8 |      0 |    918 |   2 |  561.5 |
       Dungeon |   1123 |   1115 |      8 |      0 |    918 |   2 |  561.5 |
               +--------+--------+--------+--------+--------+-----+--------+

Top non-repeatable levels by time:
     D:1: 829 daAuts
     D:2: 293 daAuts
